 Dungeon Crawl Stone Soup version 0.23.2-1-ga50397a (webtiles) character file.

Game seed: 1453544907396026674

34 HASTUR3 the Ruffian (level 3, -13/36 HPs)
             Began as a Troll Monk on May 30, 2019.
             Mangled by an orc warrior
             ... wielding a +0 war axe
              (20 damage)
             ... on level 2 of the Dungeon.
             The game lasted 00:02:32 (1038 turns).

HASTUR3 the Ruffian (Troll Monk)                    Turns: 1038, Time: 00:02:33

Health: -13/36     AC:  8    Str: 19    XL:     3   Next: 14%
Magic:  2/2        EV: 10    Int:  6    God:
Gold:   6          SH:  0    Dex: 13    Spells: 2/2 levels left

rFire    + . .     SeeInvis .     - Unarmed
rCold    . . .     Gourm    +   (no shield)
rNeg     . . .     Faith    .   l - +2 robe {rF+}
rPois    .         Spirit   .   (helmet restricted)
rElec    .         Reflect  .   (no cloak)
rCorr    .         Harm     .   (gloves unavailable)
MR       .....                  (boots unavailable)
Stlth    +++.......             (no amulet)
HPRegen  0.52/turn              c - ring of stealth
MPRegen  0.08/turn              (no ring)

@: lethally poisoned (-13 -> -16)
A: large, unfitting armour, claws 3, fast metabolism 3, gourmand, regeneration
1, shaggy fur 1, tough skin 3
a: no special abilities


You were on level 2 of the Dungeon.
You were very full.

You visited 1 branch of the dungeon, and saw 2 of its levels.

You collected 6 gold pieces.

Inventory:

Armour
 l - a +2 robe of fire resistance (worn)
Jewellery
 c - a ring of stealth (left claw)
Scrolls
 e - a scroll of enchant armour
 g - a scroll of noise {unknown}
 h - a scroll of identify
 i - a scroll of amnesia {unknown}
 j - a scroll of magic mapping {unknown}
 m - a scroll of fear {unknown}
Potions
 a - a potion of might {unknown}
 d - a potion of lignification {unknown}
 f - a potion of curing {unknown}
 k - 2 potions of ambrosia {unknown}
Comestibles
 b - 2 rations


   Skills:
 - Level 2.4 Fighting
 - Level 2.4 Dodging
 - Level 1.0 Stealth
 + Level 4.3 Unarmed Combat


You had 2 spell levels left.
You didn't know any spells.
Your spell library was empty.

Dungeon Overview and Level Annotations

Branches:
Dungeon (2/15)

Altars:
Elyvilon


Innate Abilities, Weirdness & Mutations

You are too large for most types of armour.
You have claws for hands.
Your metabolism is lightning-fast.
You like to eat raw meat.
Your natural rate of healing is unusually fast.
You are covered in fur. (AC +1)
You have extremely tough skin. (AC +3)


Message History

You scratch the worm. You claw the worm.
You kill the worm!
You feel sick.
You barely miss the goblin.
You feel sick. The goblin closely misses you.
You barely miss the goblin.
You feel sick. The goblin hits you but does no damage.
You claw the goblin!
You kill the goblin!
You feel sick.
You scratch the orc warrior.
The orc warrior is lightly wounded.
You feel sick.
The orc warrior hits you with a +0 war axe.
* * * LOW HITPOINT WARNING * * *
You scratch the orc warrior but do no damage.
The orc warrior is lightly wounded.
You feel sick.
The orc warrior hits you with a +0 war axe!!
Ouch! That really hurt!
You die...

##...# ##..
#+#########....+
+...
#..............#
####
#.########.#...##
.#### ###.......#
......
#...###...#
......
###.#.#!#.#.#..
......
#.....#.#.....#
......
#.#....@....#.
######
#.....##o##.....
...###.#...# ##.
..# ....(... ..
##.#...#.#
...##.##... .#..
... .#. . . #.# .
# .. #[# .#


You could see an orc warrior.

Vanquished Creatures
  A worm (D:2)
  2 dart slugs
  A leopard gecko (D:1)
  5 goblins
  5 hobgoblins
  A ball python (D:1)
  4 bats
  3 frilled lizards
  2 kobolds (D:2)
  2 rats
26 creatures vanquished.

Notes
Turn   | Place    | Note
-------+----------+-------------------------------------------
     0 | D:1      | HASTUR3 the Troll Monk began the quest for the Orb.
     0 | D:1      | Reached XP level 1. HP: 22/22 MP: 0/0
   321 | D:1      | Reached XP level 2. HP: 24/29 MP: 1/1
   800 | D:2      | Reached skill level 4 in Unarmed Combat
   818 | D:2      | Found a white marble altar of Elyvilon.
  1011 | D:2      | Noticed an orc warrior
  1023 | D:2      | Reached XP level 3. HP: 36/36 MP: 2/2
  1038 | D:2      | Mangled by an orc warrior

Skill      XL: |  1  2 |
---------------+-------+-----
Unarmed Combat | 4 |  4.3
Fighting       | |  2.4
Dodging        | |  2.4
Stealth        | |  1.0

Action                   || total
-------------------------++-------
Melee: Unarmed           ||    65
       Punch             ||     1
  Use: Scroll            ||     2
 Stab: Sleeping          ||     4
  Eat: Chunk             ||    14
Armor: Robe              ||    29
Dodge: Dodged            ||    28
